 Dungeon Sprint DCSS version 0.30-a0-360-g447f08457e (webtiles) character file.

Game seed: 17828052923184186714

27405 Pestilence the Warrior (level 13, -21/119 HPs)
             Began as a Demonspawn Gladiator on Nov 13, 2022.
             Was an Elder of Sif Muna.
             Killed from afar by a bog body (24 damage)
             ... with a bolt of cold
             ... in the Dungeon (Sprint IX: "|||||||||||||||||||||||||||||").
             The game lasted 00:15:31 (4125 turns).

Pestilence the Warrior (Demonspawn Gladiator)       Turns: 4125, Time: 00:15:32

Health: -21/119    AC: 29    Str: 19    XL:     13   Next: 4%
Magic:  21/26      EV: 16    Int: 12    God:    Sif Muna [****..]
Gold:   1606       SH: 20    Dex: 16    Spells: 20/30 levels left

rFire   . . .      SeeInvis .    n - +6 scimitar (flame)
rCold   . . .      Faith    .    d - +1 tower shield
rNeg    . . .      Spirit   .    e - +1 chain mail
rPois   +          Reflect  .    (helmet restricted)
rElec   .          Harm     .    a - +0 cloak
rCorr   .          Rampage  .    g - +1 pair of gloves of Pugett {rPois}
Will    .....      NoTele   +    m - +0 pair of boots
Stlth   ..........               (no amulet)
HPRegen 0.39/turn                o - +3 ring of intelligence
MPRegen 0.20/turn                p - +2 ring of protection

@: mighty, agile, slowed, very slow
A: antennae 2, molten scales 2, icemail 1, powered by pain 1, condensation
shield, screaming 1
a: Renounce Religion, Channel Magic, Forget Spell, Divine Exegesis


You were in the Dungeon.
You worshipped Sif Muna.
Sif Muna was greatly pleased with you.
You visited 1 branch You collected 1927 gold pieces.
You spent 321 gold pieces at shops.

Inventory:

Hand Weapons
 n - a +6 scimitar of flaming (weapon)
Armour
 a - a +0 cloak (worn)
 c - a +0 helmet
 d - a +1 tower shield (worn)
 e - a +1 chain mail (worn)
 g - the +1 pair of gloves of Pugett (worn) {rPois}
   (You bought it in a shop in the Dungeon)

   rPois:     It protects you from poison.
 m - a +0 pair of boots (worn)
Jewellery
 o - a +3 ring of intelligence (left hand)
 p - a +2 ring of protection (right hand)
Scrolls
 l - 2 scrolls of amnesia
 q - 3 scrolls of identify
 r - 2 scrolls of butterflies
 s - 4 scrolls of enchant armour
Potions
 b - a potion of berserk rage
 f - 3 potions of curing
 h - 3 potions of haste
 i - 4 potions of magic
 u - 2 potions of mutation


   Skills:
 + Level 16.8 Fighting
 - Level 14.0 Long Blades
 - Level 1.7 Throwing
 + Level 14.2 Armour
 - Level 14.1 Dodging
 + Level 7.1 Shields
 + Level 9.0 Spellcasting
 - Level 6.6 Ice Magic
 - Level 12.6 Invocations


You had 20 spell levels left.
You knew the following spells:

 Your Spells              Type           Power      Damage    Failure   Level
a - Poisonous Vapours     Pois/Air       10%        N/A       100%        2
b - Freezing Cloud        Conj/Ice/Air   5%         6-21      100%        5
c - Frozen Ramparts       Ice            42%        1d7       80%         3

Your spell library contained the following spells:

 Spells                   Type           Power      Damage    Failure   Level
 Ensorcelled Hibernation  Hex/Ice        26%        N/A       95%         2
 Magic Dart               Conj           20%        1d4       100%        1
 Necrotise                Necr           20%        1d5       100%        1
 Summon Small Mammal      Summ           20%        N/A       100%        1
 Cigotuvi's Dreadful Rot  Necr/Pois/Air  10%        N/A       100%        2
 Searing Ray              Conj           10%        2d4       100%        2
 Call Canine Familiar     Summ           5%         N/A       100%        3
 Dazzling Flash           Conj/Hex       10%        N/A       100%        3
 Kindle Blastsparks       Fire/Tloc/Air  10%        2d10      100%        3
 Portal Projectile        Hex/Tloc       10%        N/A       100%        3
 Spider Form              Tmut/Pois      5%         N/A       100%        3
 Stone Arrow              Conj/Erth      10%        3d7       100%        3
 Teleport Other           Tloc           5%         N/A       100%        3
 Airstrike                Air            2%         2d(1-17)  100%        4
 Anguish                  Hex/Necr       2%         N/A       100%        4
 Cause Fear               Hex            2%         N/A       100%        4
 Fulminant Prism          Conj/Hex       2%         3d5       100%        4
 Ice Form                 Ice/Tmut       13%        N/A       100%        4
 Manifold Assault         Tloc           5%         N/A       100%        4
 Sticky Flame             Conj/Fire      5%         2d3       100%        4
 Summon Ice Beast         Ice/Summ       13%        N/A       100%        4
 Summon Lightning Spire   Summ/Air       5%         N/A       100%        4
 Lightning Bolt           Conj/Air       2%         1d14      100%        5
 Metabolic Englaciation   Hex/Ice        6%         N/A       100%        5
 Yara's Violent Unravell  Hex/Tmut       2%         3d3       100%        5
 Summon Cactus Giant      Summ           2%         N/A       100%        6
 Malign Gateway           Summ/Tloc      2%         N/A       100%        7
 Summon Horrible Things   Summ           2%         N/A       100%        8
 Chain Lightning          Conj/Air       2%         3d3       100%        9


Dungeon Overview and Level Annotations

Branches:
Dungeon (1/1)

Altars:
Cheibriados
Dithmenos
Fedhas
Gozag
Hepliaklqana
Kikubaaqudgha
Makhleb
Nemelex Xobeh
Okawaru
Qazlal
Ru
Sif Muna
Trog
Uskayaw
Vehumet
Wu Jian
Xom
Yredelemnul
Jiyva
Lugonu

Shops:
D *:*[


Innate Abilities, Weirdness & Mutations

You have a pair of antennae on your head.
You are mostly covered in molten scales. (AC +3)
A meltable icy envelope protects you from harm. (AC +4)
You sometimes gain a little power by taking damage.
A meltable shield of frost defends you. (SH +4)
You occasionally shout uncontrollably at your foes.


Message History

Your Spellcasting skill increases to level 9!
You slash the bog body! You burn the bog body.
The bog body is severely damaged.
The bog body casts a spell at you. The bolt of cold hits you.
The shambling mangrove is engulfed in freezing vapours.
The grasping roots constrict you. The bog body casts a spell at you.
The bolt of cold hits you!
* * * LOW HITPOINT WARNING * * *
The shambling mangrove is engulfed in freezing vapours.
The grasping roots constrict you!
* * * LOW HITPOINT WARNING * * *
You feel much better. The bog body touches you!
You focus on the pain.
You feel more agile all of a sudden. The bog body freezes you!!
* * * LOW HITPOINT WARNING * * *
You focus on the pain.
You feel very mighty all of a sudden.
The shambling mangrove is engulfed in freezing vapours.
The grasping roots constrict you.
* * * LOW HITPOINT WARNING * * *
Unknown command.
Okay, then.
You escape the roots grasp.
Roots burst forth from the earth!
The grasping roots grab you! The grasping roots constrict you!
* * * LOW HITPOINT WARNING * * *
The bog body gestures at you while chanting.
You feel as though you will be slow longer.
Unknown command.
You escape the roots grasp.
The bog body attacks as you move away! You block the bog body's attack.
The bog body attacks as you move away!
The bog body touches you but does no damage.
The bog body casts a spell at you. You resist with significant effort.
The bog body points at you and mumbles some strange words.
The bolt of cold hits you!!
You die...

▓......))....)').))))....
▓▓▓▓▓▓▓▓▓▓▓▓▓▓▓▓▓▓▓▓▓▓▓▓▓
▓........................
▓.▓▓▓▓▓▓▓▓▓▓▓▓▓▓▓▓▓▓▓▓▓▓▓
▓.........'...==)))))))).
▓▓▓▓▓▓▓▓▓▓▓▓▓▓▓▓▓▓▓▓▓▓▓▓▓
▓........................
▓.▓▓▓▓▓▓▓▓▓▓▓▓▓▓♣♣♣♣♣♣♣♣♣
▓.......@.nf.:§§§....§☼{{
▓▓▓▓▓▓▓▓▓▓▓▓▓▓▓▓♣♣♣♣♣♣♣ {


You could see a shambling mangrove and a bog body.

Vanquished Creatures
  A frost giant (D)
  An eleionoma (D)
  3 ettins (D)
  A rakshasa (D)
  2 hydras (D)
  2 catoblepae (D)
  A ghost crab (D)
  4 centaur warriors (D)
  Erica (D)
  A boulder beetle (D)
  A deep troll shaman (D)
  A deep troll earth mage (D)
  3 death yaks (D)
  A skeletal warrior (D)
  A swamp dragon (D)
  A necromancer (D)
  9 orc knights (D)
  2 cyclopes (D)
  3 ugly things (D)
  2 black mambas (D)
  Joseph (D)
  3 cane toads (D)
  Psyche (D)
  2 rime drakes (D)
  4 komodo dragons (D)
  A polar bear (D)
  3 trolls (D)
  A blink frog (D)
  A meliai (D)
  4 yaks (D)
  A vampire mosquito (D)
  2 water moccasins (D)
  17 orc warriors (D)
  A black bear (D)
  An ogre (D)
  A kobold brigand (D)
  2 bullfrogs (D)
  A gnoll sergeant (D)
  A hound (D)
  A gnoll bouda (D)
  6 orc priests (D)
  An orc wizard (D)
  6 orcs (D)
  A bat (D)
  A giant cockroach (D)
  A kobold (D)
  A quokka (D)
  A frilled lizard (D)
  A goblin (D)
109 creatures vanquished.

Vanquished Creatures (others)
  2 will-o-the-wisps (D)
2 creatures vanquished.

Grand Total: 111 creatures vanquished

Notes
Turn   | Place    | Note
-------+----------+-------------------------------------------
     0 | D        | Pestilence the Demonspawn Gladiator began the quest for the
                  | Orb.
     0 | D        | Reached XP level 1. HP: 16/16 MP: 1/1
   114 | D        | Noticed a hound
   114 | D        | Noticed a gnoll bouda
   114 | D        | Noticed an ogre
   114 | D        | Noticed a black bear
   122 | D        | Killed a hound
   123 | D        | Reached skill level 4 in Fighting
   123 | D        | Gained mutation: You are partially covered in molten
                  | scales. (AC +2) [demonic ancestry]
   123 | D        | Reached XP level 2. HP: 17/25 MP: 2/2
   123 | D        | Reached XP level 3. HP: 21/30 MP: 3/3
   136 | D        | Killed an ogre
   137 | D        | Reached skill level 6 in Fighting
   137 | D        | Reached XP level 4. HP: 27/40 MP: 4/4
   137 | D        | Gained mutation: You are mostly covered in molten scales.
                  | (AC +3) [demonic ancestry]
   137 | D        | Reached XP level 5. HP: 31/46 MP: 5/5
   138 | D        | Killed a black bear
   139 | D        | Reached skill level 7 in Fighting
   189 | D        | Found a snail-covered altar of Cheibriados.
   189 | D        | Found a shadowy altar of Dithmenos.
   189 | D        | Found a blossoming altar of Fedhas.
   189 | D        | Found an opulent altar of Gozag.
   190 | D        | Found a hazy altar of Hepliaklqana.
   191 | D        | Found a viscous altar of Jiyva.
   192 | D        | Found an ancient bone altar of Kikubaaqudgha.
   215 | D        | Found a corrupted altar of Lugonu.
   216 | D        | Found a burning altar of Makhleb.
   217 | D        | Found a sparkling altar of Nemelex Xobeh.
   218 | D        | Found an iron altar of Okawaru.
   219 | D        | Found a stormy altar of Qazlal.
   220 | D        | Found a sacrificial altar of Ru.
   221 | D        | Found a shimmering blue altar of Sif Muna.
   222 | D        | Found a bloodstained altar of Trog.
   223 | D        | Found a hide-covered altar of Uskayaw.
   224 | D        | Found a radiant altar of Vehumet.
   225 | D        | Found an ornate altar of the Wu Jian Council.
   226 | D        | Found a shimmering altar of Xom.
   227 | D        | Found a basalt altar of Yredelemnul.
   229 | D        | Became a worshipper of Sif Muna the Loreminder
   291 | D        | Noticed a vampire mosquito
   291 | D        | Noticed an orc warrior
   291 | D        | Noticed an orc warrior
   291 | D        | Noticed a troll
   291 | D        | Noticed a troll
   294 | D        | Killed an orc warrior
   295 | D        | Gained mutation: A meltable shield of frost defends you.
                  | (SH +4) [demonic ancestry]
   295 | D        | Reached XP level 6. HP: 30/56 MP: 5/8
   295 | D        | Killed a vampire mosquito
   295 | D        | Killed an orc warrior
   295 | D        | Reached * piety under Sif Muna
   295 | D        | Killed a troll
   296 | D        | Reached skill level 8 in Fighting
   296 | D        | Reached XP level 7. HP: 34/63 MP: 5/11
   296 | D        | Killed a troll
   296 | D        | Reached ** piety under Sif Muna
   297 | D        | Reached skill level 9 in Fighting
   297 | D        | Reached skill level 5 in Armour
   297 | D        | Gained mutation: A meltable icy envelope protects you from
                  | harm. (AC +4) [demonic ancestry]
   297 | D        | Reached XP level 8. HP: 39/71 MP: 5/13
   402 | D        | Noticed a cyclops
   402 | D        | Noticed a skeletal warrior
   402 | D        | Noticed a centaur warrior
   402 | D        | Noticed a white ugly thing
   402 | D        | Noticed a troll
   405 | D        | Killed a troll
   406 | D        | Killed a cyclops
   407 | D        | Reached skill level 10 in Fighting
   412 | D        | Killed a white ugly thing
   412 | D        | Reached *** piety under Sif Muna
   413 | D        | Reached XP level 9. HP: 58/79 MP: 13/16
   415 | D        | Killed a skeletal warrior
   416 | D        | Reached skill level 10 in Long Blades
   416 | D        | Reached skill level 10 in Dodging
   416 | D        | Reached skill level 10 in Invocations
   420 | D        | Killed a centaur warrior
   421 | D        | Reached skill level 11 in Fighting
   697 | D        | Noticed a black mamba
   697 | D        | Noticed a komodo dragon
   698 | D        | Noticed a black mamba
   702 | D        | Killed a black mamba
   705 | D        | Reached **** piety under Sif Muna
   706 | D        | Noticed a cane toad
   708 | D        | Noticed a rime drake
   711 | D        | Killed a komodo dragon
   713 | D        | Gained mutation: You have a pair of small antennae on your
                  | head. [demonic ancestry]
   713 | D        | Reached XP level 10. HP: 78/89 MP: 18/18
   721 | D        | Killed a black mamba
   721 | D        | Reached ***** piety under Sif Muna
   725 | D        | Received a gift from Sif Muna
   729 | D        | Killed a cane toad
   730 | D        | Reached skill level 12 in Fighting
   737 | D        | Got Sif Muna's Verses on Turbulent Rallying {god gift}
   819 | D        | Learned a level 2 spell: Poisonous Vapours
   825 | D        | Learned a level 5 spell: Freezing Cloud
   833 | D        | Noticed a cane toad
   845 | D        | Noticed a cane toad
   846 | D        | Reached skill level 1 in Ice Magic
   855 | D        | Killed a cane toad
   884 | D        | Killed a cane toad
   884 | D        | Received a gift from Sif Muna
  1063 | D        | Noticed a death yak
  1063 | D        | Noticed a death yak
  1063 | D        | Noticed a catoblepas
  1063 | D        | Noticed a catoblepas
  1064 | D        | Noticed a death yak
  1069 | D        | Killed a death yak
  1070 | D        | Reached skill level 13 in Fighting
  1070 | D        | Reached skill level 10 in Armour
  1074 | D        | Killed a death yak
  1075 | D        | Reached XP level 11. HP: 76/98 MP: 15/20
  1076 | D        | Killed a catoblepas
  1077 | D        | Reached skill level 5 in Ice Magic
  1084 | D        | Killed a death yak
  1086 | D        | Killed a catoblepas
  1096 | D        | Received a gift from Sif Muna
  1118 | D        | Learned a level 3 spell: Frozen Ramparts
  1209 | D        | Noticed Psyche
  1226 | D        | Killed Psyche
  1308 | D        | Noticed Joseph
  1326 | D        | Killed Joseph
  1398 | D        | Noticed an ettin
  1400 | D        | Received a gift from Sif Muna
  1401 | D        | Got Sif Muna's Tractate on Fey Creation {god gift}
  1410 | D        | Killed an ettin
  1411 | D        | Reached skill level 14 in Fighting
  1446 | D        | Received a gift from Sif Muna
  1450 | D        | Got Xeuxtoso's Spellbook of the Jaunt and Exhumation {god
                  | gift}
  1625 | D        | Noticed an orc knight
  1644 | D        | Killed an orc knight
  1645 | D        | Reached skill level 1 in Spellcasting
  1863 | D        | Found Cunoz's General Store.
  1863 | D        | Noticed an orc knight
  1863 | D        | Noticed an orc knight
  1863 | D        | Noticed an orc knight
  1870 | D        | Killed an orc knight
  1870 | D        | Received a gift from Sif Muna
  1871 | D        | Got Sif Muna's Grimoire of Outbursts {god gift}
  1872 | D        | Killed an orc knight
  1940 | D        | Killed an orc knight
  1996 | D        | Noticed an orc knight
  1997 | D        | Noticed an orc knight
  1999 | D        | Noticed an orc knight
  2007 | D        | Killed an orc knight
  2012 | D        | Killed an orc knight
  2013 | D        | Gained mutation: You have a pair of antennae on your head.
                  | [demonic ancestry]
  2013 | D        | Reached XP level 12. HP: 39/108 MP: 17/21
  2203 | D        | Found Tonleshri's Book Shoppe.
  2207 | D        | Found Archom's General Store.
  2211 | D        | Found Feukk's Antique Armour Shoppe.
  2214 | D        | Bought a potion of heal wounds for 65 gold pieces
  2426 | D        | Reached skill level 15 in Fighting
  2713 | D        | Bought a pair of spiked gloves for 256 gold pieces
  2713 | D        | Identified the +1 pair of gloves of Pugett {rPois} (You
                  | bought it in a shop in the Dungeon)
  2778 | D        | Noticed Erica
  2785 | D        | Killed Erica
  2786 | D        | Reached skill level 5 in Spellcasting
  2952 | D        | Noticed a centaur warrior
  2952 | D        | Noticed a boulder beetle
  2952 | D        | Noticed a centaur warrior
  2955 | D        | Received a gift from Sif Muna
  2955 | D        | Noticed a centaur warrior
  2959 | D        | Killed a centaur warrior
  2960 | D        | Reached skill level 1 in Shields
  2960 | D        | Killed a centaur warrior
  2961 | D        | Killed a centaur warrior
  2978 | D        | Noticed a deep troll shaman
  2980 | D        | Noticed an ettin
  2982 | D        | Noticed an ettin
  2991 | D        | Killed a deep troll shaman
  2998 | D        | Killed an ettin
  2998 | D        | Killed an ettin
  2999 | D        | Reached skill level 16 in Fighting
  2999 | D        | Reached skill level 5 in Shields
  3012 | D        | Killed a boulder beetle
  3345 | D        | Noticed a rakshasa
  3346 | D        | Noticed a deep troll earth mage
  3346 | D        | Noticed a frost giant
  3354 | D        | Gained mutation: You occasionally shout uncontrollably at
                  | your foes. [mutagenic glow]
  3670 | D        | Killed a deep troll earth mage
  3680 | D        | Killed a frost giant
  3737 | D        | Killed a rakshasa
  4097 | D        | Noticed a ghost crab
  4097 | D        | Noticed an eleionoma
  4105 | D        | Killed an eleionoma
  4108 | D        | Noticed a seven-headed hydra
  4110 | D        | Noticed a six-headed hydra
  4114 | D        | Killed a ghost crab
  4114 | D        | Received a gift from Sif Muna
  4114 | D        | Noticed a shambling mangrove
  4118 | D        | Killed a seven-headed hydra
  4119 | D        | Gained mutation: You sometimes gain a little power by
                  | taking damage. [demonic ancestry]
  4119 | D        | Reached XP level 13. HP: 76/119 MP: 19/25
  4123 | D        | HP: 2/119 [constriction (8)]
  4125 | D        | Killed from afar by a bog body

Illustrated notes

Levels and vault maps discovered:
D:        linesprint [early_d, line_temple, items_1, d_10, items_2, lair_1,
          lair_end, items_3, orc_1, orc_end, items_4, d_15, swamp_1, shoals_1,
          snake_1, spider_1, d_20, vaults_1, items_5, swamp_end, shoals_end,
          snake_end, spider_end, vaults_end, d_27, items_6, zot_1, zot_end,
          crypt_end, forest_end, elf_end, slime_end, tomb_end, abyss_end,
          pan_hell_end]

Skill      XL: |  1  2  3  4  5  6  7  8  9 10 11 12 13 |
---------------+----------------------------------------+-----
Long Blades    | 4 6 7 8 9 10 12 13 14 | 14.0
Dodging        | 4 6 7 8 9 10 12 13 14 | 14.1
Fighting       | 4 6 7 8 9 10 11 13 14 16 | 16.8
Armour         | 2 4 5 6 8 10 12 14 | 14.2
Invocations    | 3 6 7 9 11 12 | 12.6
Ice Magic      | 4 6 |  6.6
Spellcasting   | 4 8 9 |  9.0
Shields        | 6 7 |  7.1
Throwing       | |  1.7

Action                   |  1- 3 |  4- 6 |  7- 9 | 10-12 | 13-15 || total
-------------------------+-------+-------+-------+-------+-------++-------
Melee: Long sword        |    30 |     2 |       |       |       ||    32
       Scimitar          |       |     1 |    25 |   267 |     2 ||   295
       Punch             |       |       |     1 |     2 |       ||     3
 Cast: Freezing Cloud    |       |       |       |     9 |       ||     9
       Frozen Ramparts   |       |       |       |     4 |       ||     4
       Summon Horrible T |       |       |       |     1 |       ||     1
       Chain Lightning   |       |       |       |     1 |       ||     1
Invok: Divine Exegesis   |       |       |       |    11 |       ||    11
       Channel Magic     |       |       |       |     2 |       ||     2
Evoke: Wand              |       |     3 |     7 |       |       ||    10
  Use: Potion            |     1 |       |       |    16 |     1 ||    18
       Scroll            |       |       |     4 |     3 |       ||     7
 Stab: Invisible         |       |       |       |     3 |       ||     3
Armor: Leather armour    |     8 |     1 |       |       |       ||     9
       Chain mail        |       |     2 |    16 |   104 |     1 ||   123
       Skin              |       |       |       |    17 |       ||    17
Dodge: Dodged            |    17 |     5 |     8 |    91 |       ||   121
Block: Other             |       |       |     4 |    27 |       ||    31
       Tower shield      |       |       |       |    50 |     1 ||    51

Table legend: (Time is in decaauts)
 A = Elapsed time spent in this place.
 B = Non-inter-level travel time spent in this place.
 C = Inter-level travel time spent in this place.
 D = Time resting spent in this place.
 E = Time spent auto-exploring this place.
 F = Levels seen in this place.
 G = Mean time per level.
                   A        B        C        D        E       F      G
               +--------+--------+--------+--------+--------+-----+--------+
         Total |   4102 |   4102 |      0 |   1972 |    520 |   1 | 4102.0 |
       Dungeon |   4102 |   4102 |      0 |   1972 |    520 |   1 | 4102.0 |
               +--------+--------+--------+--------+--------+-----+--------+

Top non-repeatable levels by time:
       D: 4102 daAuts
